 Dungeon Crawl Stone Soup version 0.24.0-29-g8ce449bc06 (webtiles) character file.

Game seed: 12301530990237859719, levelgen mode: deterministic

109 Kobolds4U the Slasher (level 4, -2/52 HPs)
             Began as a Demonspawn Berserker on Nov 16, 2019.
             Was a Believer of Trog.
             Slain by an ogre
             ... wielding a +0 giant club
              (18 damage)
             ... on level 3 of the Dungeon.
             The game lasted 00:04:19 (2667 turns).

Kobolds4U the Slasher (Demonspawn Berserker)        Turns: 2667, Time: 00:04:20

Health: -2/52      AC:  3    Str: 22    XL:     4   Next: 60%
Magic:  4/4        EV: 12    Int:  8    God:    Trog [**....]
Gold:   105        SH:  0    Dex: 14    Spells: 3/3 levels left

rFire    . . .     SeeInvis .   a - +0 falchion
rCold    . . .     Gourm    .   (no shield)
rNeg     + . .     Faith    .   h - +0 leather armour
rPois    .         Spirit   .   (helmet restricted)
rElec    .         Reflect  .   (no cloak)
rCorr    .         Harm     .   (no gloves)
MR       .....                  (no boots)
Stlth    ..........             (no amulet)
HPRegen  0.17/turn              k - ring of positive energy
MPRegen  0.09/turn              (no ring)

@: berserking (expiring), very quick
A: antennae 1, spiny 1
a: Berserk, Trog's Hand, Renounce Religion


You were on level 3 of the Dungeon.
You worshipped Trog.
Trog was pleased with you.
You were hungry.

You visited 1 branch of the dungeon, and saw 3 of its levels.

You collected 105 gold pieces.

Inventory:

Hand Weapons
 a - a +0 falchion (weapon)
 s - a +0 dagger of venom
Armour
 b - a +0 animal skin
 h - a +0 leather armour (worn)
Jewellery
 k - a ring of positive energy (left hand)
Scrolls
 d - 2 scrolls of fear {unknown}
 f - a scroll of noise {unknown}
 j - a scroll of blinking {unknown}
 l - a scroll of teleportation {unknown}
 n - a scroll of remove curse {unknown}
 o - a scroll of immolation {unknown}
 p - 2 scrolls of identify {unknown}
 t - a scroll of amnesia {unknown}
Potions
 e - 4 potions of degeneration {unknown}
 g - 3 potions of curing {unknown}
 i - a potion of heal wounds {unknown}
 m - a potion of ambrosia {unknown}
 q - a potion of mutation {unknown}
Comestibles
 c - 2 rations
 r - 5 chunks of flesh


   Skills:
 - Level 3.0 Fighting
 + Level 4.9 Long Blades
 - Level 1.7 Armour
 - Level 1.7 Dodging


You had 3 spell levels left.
You didn't know any spells.
Your spell library was empty.

Dungeon Overview and Level Annotations

Branches:
Dungeon (3/15)

Altars:


Innate Abilities, Weirdness & Mutations

You have a pair of small antennae on your head.
You are partially covered in sharp spines.


Message History

A red film seems to cover your vision as you go berserk!
You feel yourself moving faster!
You feel mighty!
You are feeling hungry.
You feel a strong urge to attack something.
The ogre is struck by your spines.
The ogre hits you with a +0 giant club!!
Ouch! That really hurt!
Found 8 gold pieces.
You hit the ogre.
The ogre is lightly wounded.
You slash the ogre!
The ogre is heavily wounded.
The ogre hits you with a +0 giant club!
You slash the ogre!
The ogre is severely wounded.
You barely miss the ogre.
The ogre is severely wounded.
The ogre is struck by your spines.
The ogre hits you with a +0 giant club!!
You die...

####.......#.......#
##.....#.... #.......#.......#
#.....#....
#.......#....#############....
#.......#........... ####.
#.......#.............#######)
#.......#...[..............).)
#########....#########........
###....###### #........
#.......@O...# ..........
#............# ..........
.............# ..........
.....#.......# ..........
.............# ##........
.............# ........
.............# ....##.
......$##### . #. #.


You could see an ogre.

Vanquished Creatures
  3 gnolls (D:2)
  2 oozes (D:1)
  2 worms (D:2)
  A dart slug (D:1)
  4 leopard geckos
  An orc (D:3)
  4 giant cockroaches
  8 goblins
  7 hobgoblins
  A ball python (D:1)
  6 bats
  6 frilled lizards
  9 kobolds
  9 rats
63 creatures vanquished.

Notes
Turn   | Place    | Note
-------+----------+-------------------------------------------
     0 | D:1      | Kobolds4U the Demonspawn Berserker began the quest for the
                  | Orb.
     0 | D:1      | Reached XP level 1. HP: 18/18 MP: 1/1
    33 | D:1      | Reached skill level 3 in Long Blades
    49 | D:1      | Gained mutation: You have a pair of small antennae on your
                  | head. [demonic ancestry]
    49 | D:1      | Reached XP level 2. HP: 22/24 MP: 2/2
   717 | D:1      | Gained mutation: You are partially covered in sharp spines.
                  | [demonic ancestry]
   717 | D:1      | Reached XP level 3. HP: 17/29 MP: 3/3
   998 | D:1      | Reached skill level 4 in Long Blades
  1246 | D:2      | Reached ** piety under Trog
  1576 | D:2      | Reached XP level 4. HP: 24/35 MP: 4/4
  2661 | D:3      | Noticed an ogre
  2667 | D:3      | Slain by an ogre

Levels and vault maps discovered:
D:1:      onia_arrival_handbag, layout_basic, minmay_misc_feat_square
D:2:      wander_river, layout_basic
D:3:      layout_basic

Skill      XL: |  1  2  3 |
---------------+----------+-----
Long Blades    | 3 4 |  4.9
Fighting       | |  3.0
Armour         | |  1.7
Dodging        | |  1.7

Action                   |  1- 3 |  4- 6 || total
-------------------------+-------+-------++-------
Melee: Falchion          |   103 |    44 ||   147
Invok: Berserk           |       |     1 ||     1
 Stab: Sleeping          |     1 |     1 ||     2
  Eat: Chunk             |     2 |     4 ||     6
Armor: Animal skin       |     4 |       ||     4
       Leather armour    |     7 |     6 ||    13
Dodge: Dodged            |    66 |    22 ||    88
       Rpst.: Falchion   |    24 |    11 ||    35
